 Dungeon Crawl Stone Soup version 0.21-a0-584-g185da8e (webtiles) character file.

13997 TheDeThijs the Archer (level 11, -5/101 HPs)
             Began as a Centaur Hunter on Dec 15, 2017.
             Was a High Priest of Okawaru.
             Killed from afar by a black draconian (30 damage)
             ... with a bolt of lightning
             ... on level 1 of the Abyss on Dec 21, 2017.
             The game lasted 01:28:07 (16945 turns).

TheDeThijs the Archer (Centaur Hunter)             Turns: 16945, Time: 01:28:08

Health: -5/101     AC: 16    Str: 15    XL:     11   Next: 82%
Magic:  11/11      EV:  6    Int: 10    God:    Okawaru [*****.]
Gold:   596        SH:  0    Dex: 15    Spells: 10/10 levels left

rFire    + . .     SeeInvis .   b - +5 morningstar
rCold    + . .     Gourm    .   (no shield)
rNeg     . . .     Faith    .   q - +1 ring mail {rC+}
rPois    .         Spirit   .   s - +2 helmet
rElec    .         Reflect  .   v - +0 cloak
rCorr    +         Harm     .   i - +0 pair of gloves
MR       +....                  L - +0 centaur barding {Stlth+}
Stlth    ++........             (no amulet)
HPRegen  0.26/turn              B - ring of protection from fire
MPRegen  0.12/turn              D - ring of resist corrosion

@: drained, very quick
A: large, hooves 3, agile 1, deformed body, speed 2, magic resistance 1, tough
skin 3
a: Heroism, Finesse, Renounce Religion


You were on level 1 of the Abyss.
You worshipped Okawaru.
Okawaru was extremely pleased with you.
You were not hungry.

You visited 2 branches of the dungeon, and saw 12 of its levels.
You visited the Abyss 1 time.

You collected 635 gold pieces.
You spent 39 gold pieces at shops.

Inventory:

Hand Weapons
 a - a +1 shortbow
 b - a +5 morningstar (weapon)
 p - a +2 flail
 y - a +2 great sword of freezing
Missiles
 d - 112 arrows
 e - 96 bolts
Armour
 c - a +0 leather armour
 i - a +0 pair of gloves (worn)
 n - a cursed +0 ring mail
 q - a +1 ring mail of cold resistance (worn)
 s - a +2 helmet (worn)
 v - a +0 cloak (worn)
 H - a +0 hat of see invisible
 L - a +0 centaur barding of stealth (worn)
 R - a +2 pair of gloves
Jewellery
 B - a ring of protection from fire (left hand)
 D - a ring of resist corrosion (right hand)
 O - an uncursed amulet of guardian spirit {unknown}
Wands
 j - a wand of acid (19)
 r - a wand of iceblast (10)
 E - a wand of disintegration (11)
 I - a wand of flame (32)
 M - a wand of random effects (24)
Scrolls
 k - 2 scrolls of identify
 l - 3 scrolls of teleportation
 t - a scroll of blinking
 u - a scroll of enchant weapon
 A - 2 scrolls of fear
 F - 2 scrolls of enchant armour
 N - 3 scrolls of immolation {unknown}
Potions
 g - 3 potions of invisibility
 o - a potion of curing
 w - a potion of mutation
 x - a potion of cancellation
 z - 5 potions of brilliance
 C - a potion of agility
 G - a potion of flight
 K - a potion of degeneration {unknown}
 Q - a potion of might
Books
 m - a book of Conjurations

   Spells                             Type                      Level
   a - Magic Dart                     Conjuration                  1
   b - Searing Ray                    Conjuration                  2
   c - Dazzling Spray                 Conjuration/Hexes            3
   d - Fulminant Prism                Conjuration/Hexes            4
   e - Force Lance                    Conjuration/Translocation    4
   f - Iskenderun's Mystic Blast      Conjuration                  4
 J - a book of Callings

   Spells                             Type                      Level
   a - Summon Small Mammal            Summoning                    1
   b - Call Imp                       Summoning                    2
   c - Call Canine Familiar           Summoning                    3
   d - Summon Guardian Golem          Hexes/Summoning              3
   e - Summon Lightning Spire         Summoning/Air                4
   f - Summon Ice Beast               Ice/Summoning                4
 P - a book of Changes

   Spells                             Type                      Level
   a - Beastly Appendage              Transmutation                1
   b - Sticks to Snakes               Transmutation                2
   c - Spider Form                    Transmutation/Poison         3
   d - Ice Form                       Ice/Transmutation            4
   e - Blade Hands                    Transmutation                5
Comestibles
 f - 17 rations
 h - 2 rations


   Skills:
 + Level 10.7(10.2) Fighting
   Level 0.4(0.0) Short Blades
 * Level 10.4(9.9) Maces & Flails
 - Level 14.0(13.4) Bows
 + Level 3.2(2.7) Armour
 - Level 1.3(0.9) Dodging
 - Level 0.4(0.0) Stealth


You had 10 spell levels left.
You didn't know any spells.

Dungeon Overview and Level Annotations

Branches:
Dungeon (11/15)            Temple (1/1) D:6            Lair (0/6) D:9
    Orc: D:9-12

Altars:
Ashenzari
Cheibriados
Dithmenos
Elyvilon
Fedhas
Gozag
Hepliaklqana
Kikubaaqudgha
Makhleb
Nemelex Xobeh
Okawaru
Qazlal
Ru
Sif Muna
Trog
Uskayaw
Vehumet
Wu Jian
Xom
Yredelemnul
Zin
The Shining One
Lugonu

Shops:
D:9 ?:   D:10 *}?(!

Annotations:
D:9 CasualChangeling's ghost, novice DrFi
D:11 Nergalle


Innate Abilities, Weirdness & Mutations

You have hooves in place of feet.
Armour fits poorly on your strangely shaped body.
You cover ground very quickly.
You have extremely tough skin. (AC +3)
You are agile. (Dex +2)
You are resistant to hostile enchantments. (MR+)


Message History

The black draconian is lightly wounded.
The black draconian breathes lightning at you.
The bolt of lightning hits you!
You hit the black draconian.
The black draconian is lightly wounded.
The black draconian hits you but does no damage.
You thump the black draconian! You kick the black draconian.
The black draconian is moderately wounded.
The black draconian hits you with a flail!
You barely miss the black draconian.
You kick the black draconian, but do no damage.
The black draconian is moderately wounded.
You hit the black draconian.
The black draconian is moderately wounded.
The black draconian hits you with a flail!
* * * LOW HITPOINT WARNING * * *
A neqoxec comes into view.
The black draconian breathes lightning at you.
The bolt of lightning hits you!
You die...

#..# #.. . .
## #..
....#.. .# ##
... #.(##.#
... #.. .(
#(#..#..#.##.
. ##.#.....#
.##...#
#...(#..##.#.
.. . #
#.####. #.#
.# . #
##d#..#.##.
#.# . #....@#
. # #
#.##.#.## #.
. #....#..#
.. 3...## .##
.... .##.# ##
.#. . . ...
...


You could see a black draconian.

Vanquished Creatures
  Gastronok (D:9)
  Erica (D:9)
  2 two-headed ogres (D:10)
  Pikel (D:9)
  A deep elf mage (D:10)
  A cyclops (D:11)
  A gargoyle (D:10)
  A merfolk (D:10)
  Grinder (D:4)
  4 hippogriffs
  A wyvern (D:8)
  Sigmund (D:3)
  Eustachio (D:3)
  7 yaks
  A human (D:10)
  2 steam dragons
  Edmund (D:5)
  7 hell hounds
  A water moccasin (D:8)
  Duvessa (D:5)
  2 black bears
  2 ice beasts
  4 sky beasts
  2 phantoms
  A slave (D:9)
  3 ogres
  2 centaurs
  2 crocodiles
  5 bullfrogs
  Dowan (D:5)
  A wyvern skeleton (D:9)
  4 scorpions
  7 wights
  3 water moccasin skeletons
  13 killer bees
  An electric eel (D:7)
  3 crimson imps
  A centaur zombie (D:7)
  3 jellies
  A bullfrog skeleton (D:5)
  A bullfrog zombie (D:8)
  4 centaur skeletons
  Crazy Yiuf (D:3)
  7 orc priests
  7 hounds
  7 orc wizards
  4 iguanas
  Natasha (D:3)
  11 worker ants
  A hound zombie (D:6)
  A hound skeleton (D:9)
  2 worker ant zombies
  A howler monkey skeleton (D:9)
  12 adders
  2 shadow imps
  2 oozes
  An adder zombie (D:6)
  An adder skeleton (D:4)
  A worm (D:3)
  2 dart slugs (D:1)
  A leopard gecko (D:8)
  23 orcs
  7 bats
  4 giant cockroaches
  8 goblins
  6 hobgoblins
  14 jackals
  3 quokkas
  11 frilled lizards
  A jackal zombie (D:6)
  6 kobolds
  A leopard gecko skeleton (D:4)
  A quokka zombie (D:9)
  9 rats
262 creatures vanquished.

Vanquished Creatures (others)
  3 slaves (D:9)
  A worker ant (D:10)
  A bush (D:9)
  A plant (D:9)
6 creatures vanquished.

Grand Total: 268 creatures vanquished

Notes
Turn   | Place    | Note
-------+----------+-------------------------------------------
     0 | D:1      | TheDeThijs the Centaur Hunter began the quest for the Orb.
     0 | D:1      | Reached XP level 1. HP: 17/17 MP: 1/1
   175 | D:1      | Reached XP level 2. HP: 10/24 MP: 2/2
   399 | D:1      | Reached skill level 6 in Bows
   813 | D:2      | Reached XP level 3. HP: 29/29 MP: 3/3
   932 | D:2      | Noticed a scorpion
   939 | D:2      | Killed a scorpion
   939 | D:2      | Reached skill level 7 in Bows
   939 | D:2      | Reached XP level 4. HP: 37/37 MP: 4/4
  1377 | D:3      | Found a runed door.
  1381 | D:3      | Noticed Crazy Yiuf
  1492 | D:3      | Reached XP level 5. HP: 18/42 MP: 5/5
  1869 | D:3      | Reached skill level 8 in Bows
  2143 | D:3      | Killed Crazy Yiuf
  2448 | D:3      | Found a sparkling altar of Nemelex Xobeh.
  2466 | D:3      | Noticed Sigmund
  2605 | D:3      | Killed Sigmund
  2605 | D:3      | Reached skill level 9 in Bows
  2605 | D:3      | Reached XP level 6. HP: 51/51 MP: 6/6
  2716 | D:3      | Found a deep blue altar of Sif Muna.
  2725 | D:3      | Found a blossoming altar of Fedhas.
  2728 | D:3      | Found a glowing golden altar of the Shining One.
  2729 | D:3      | Found an iron altar of Okawaru.
  2729 | D:3      | Found a radiant altar of Vehumet.
  2729 | D:3      | Found a shattered altar of Ashenzari.
  2731 | D:3      | Found a bloodstained altar of Trog.
  2732 | D:3      | Found a glowing silver altar of Zin.
  2733 | D:3      | Found a stormy altar of Qazlal.
  2740 | D:3      | Became a worshipper of Warmaster Okawaru
  3224 | D:4      | Noticed Eustachio
  3343 | D:3      | Killed Eustachio
  3343 | D:3      | Reached skill level 10 in Bows
  3343 | D:3      | Reached XP level 7. HP: 29/58 MP: 7/7
  3561 | D:4      | Noticed Grinder
  3578 | D:4      | Paralysed by something for 5 turns
  3994 | D:4      | Noticed Natasha
  4116 | D:3      | Killed Natasha
  4192 | D:4      | Paralysed by Grinder for 4 turns
  4208 | D:4      | Killed Grinder
  4208 | D:4      | Reached * piety under Okawaru
  4208 | D:4      | Reached skill level 11 in Bows
  4846 | D:5      | Entered Level 5 of the Dungeon
  4912 | D:5      | Reached XP level 8. HP: 51/67 MP: 8/8
  5030 | D:5      | Noticed Edmund
  5106 | D:5      | Killed Edmund
  5106 | D:5      | Reached ** piety under Okawaru
  5106 | D:5      | Reached skill level 5 in Fighting
  5106 | D:5      | Reached skill level 12 in Bows
  5401 | D:5      | Noticed Dowan
  5414 | D:5      | Noticed Duvessa
  5469 | D:5      | Killed Duvessa
  5477 | D:5      | Killed Dowan
  6078 | D:5      | Reached skill level 1 in Maces & Flails
  6657 | D:6      | Reached skill level 13 in Bows
  6917 | D:5      | Reached XP level 9. HP: 33/75 MP: 9/9
  7368 | D:6      | Reached *** piety under Okawaru
  7618 | D:6      | Received a gift from Okawaru
  7670 | D:6      | Found a staircase to the Ecumenical Temple.
  7721 | Temple   | Entered the Ecumenical Temple
  8009 | D:6      | Found a hide-covered altar of Uskayaw.
  8300 | D:7      | Found a deep blue altar of Sif Muna.
  9036 | D:7      | Received a gift from Okawaru
  9054 | D:7      | Found a transporter.
  9083 | D:7      | Noticed a five-headed hydra
  9098 | D:7      | Found a transporter.
  9560 | D:7      | Noticed a deep elf mage
  9589 | D:7      | Reached skill level 5 in Maces & Flails
 10304 | D:7      | Reached skill level 14 in Bows
 10304 | D:7      | Reached XP level 10. HP: 68/86 MP: 10/10
 10359 | D:7      | Upgraded the game from 0.21-a0-538-gd16b88a to 0.21-a0-584-g185da8e
 10421 | D:8      | Gained mutation: You are agile. (Dex +2) [potion of mutation]
 10421 | D:8      | Gained mutation: You are resistant to hostile enchantments. (MR+) [potion of mutation]
 12649 | D:9      | Found Tetemeo's Book Shoppe.
 12732 | D:9      | Reached **** piety under Okawaru
 13020 | D:9      | Noticed Gastronok
 13339 | D:9      | Killed Gastronok
 13339 | D:9      | Received a gift from Okawaru
 13339 | D:9      | Received a gift from Okawaru
 13385 | D:9      | Found a sacrificial altar of Ru.
 13485 | D:9      | Found a staircase to the Lair.
 13489 | D:9      | Noticed Pikel
 13504 | D:9      | Noticed CasualChangeling's ghost (novice DrFi)
 13507 | D:9      | Killed Pikel
 13707 | D:9      | Noticed Erica
 13719 | D:9      | Killed Erica
 13719 | D:9      | Reached ***** piety under Okawaru
 13719 | D:9      | Received a gift from Okawaru
 13719 | D:9      | Reached skill level 1 in Armour
 13719 | D:9      | Reached XP level 11. HP: 73/97 MP: 11/11
 14333 | D:9      | Found Xeawun's Magic Scroll Shop.
 14340 | D:9      | Found a sacrificial altar of Ru.
 14341 | D:9      | Found a shimmering altar of Xom.
 14341 | D:9      | Found a basalt altar of Yredelemnul.
 14345 | D:10     | Entered Level 10 of the Dungeon
 14567 | D:10     | Noticed a deep elf mage
 14575 | D:10     | Killed a deep elf mage
 14590 | D:10     | Reached skill level 10 in Fighting
 14807 | D:10     | Found Melonot's Distillery.
 14907 | D:10     | Found Hacs's Magic Scroll Shoppe.
 14910 | D:10     | Found Zeonus's Gadget Boutique.
 14911 | D:10     | Bought a scroll of teleportation for 39 gold pieces
 14994 | D:10     | Found Xaumaefa's Antique Weapon Shoppe.
 15148 | D:10     | Found Cuoch's General Store.
 15228 | D:10     | Noticed a two-headed ogre
 15286 | D:10     | Killed a two-headed ogre
 15286 | D:10     | Reached skill level 10 in Maces & Flails
 16015 | D:11     | Noticed a two-headed ogre
 16056 | D:10     | Killed a two-headed ogre
 16094 | D:10     | Received a gift from Okawaru
 16455 | D:11     | Noticed Nergalle
 16870 | D:11     | Cast into level 1 of the Abyss (spectral orc warrior)
 16927 | Abyss:1  | Noticed a black draconian
 16945 | Abyss:1  | Killed from afar by a black draconian

Vault maps used:
D:1:      tarquinn_simple_flora_water_c, minmay_cupped
D:2:      first_bread, minmay_lizard_pond
D:3:      minitemple, lemuel_round_altar, uniq_crazy_yiuf_cottage, uniq_sigmund
D:4:      uniq_natasha, uniq_grinder, uniq_eustachio
D:5:      uniq_edmund, uniq_duvessa
D:6:      eat_drink_and_be_merry_uskayaw, temple_doors_e
D:7:      gammafunk_the_bubble, minivault_14, kennysheep_pointless_box,
          led_sif_pool
D:9:      gammafunk_temple_overflow_forgotten, minmay_lair_entry_lava,
          serial_shops, shop, shop, basic_altar, uniq_erica, uniq_gastronok,
          uniq_pikel
D:10:     serial_shops, nicolae_shop_trees, shop, shop, nicolae_shop_crystal,
          shop, hangedman_stone_soup
D:11:     lemuel_ice_spiral_2, david_orc_2, hangedman_abyss_or_decor_stabs,
          uniq_nergalle
Temple:   corrupted_temple
Abyss:1:  bh_silent_lugonu_exit

Skill      XL: |  1  2  3  4  5  6  7  8  9 10 11 |
---------------+----------------------------------+-----
Bows           | 6 7 9 10 11 13 14 | 14.0
Fighting       | 3 4 6 7 9 10 | 10.7
Maces & Flails | 2 5 8 10 | 10.4
Armour         | 1 3 |  3.2
Short Blades   | |  0.4
Dodging        | |  1.3
Stealth        | |  0.4

Action                   |  1- 3 |  4- 6 |  7- 9 | 10-12 || total
-------------------------+-------+-------+-------+-------++-------
Melee: Short sword       |    24 |    45 |    68 |       ||   137
       Kick              |     6 |    10 |    55 |    55 ||   126
       Shortbow          |       |       |     2 |       ||     2
       Dire flail        |       |       |    79 |       ||    79
       Morningstar       |       |       |    90 |   212 ||   302
 Fire: Shortbow          |    57 |   144 |   357 |   344 ||   902
Invok: Heroism           |       |       |     1 |     1 ||     2
  Use: Scroll            |       |     1 |    11 |    15 ||    27
       Potion            |       |       |    12 |     7 ||    19
 Stab: Sleeping          |       |       |       |     1 ||     1
  Eat: Buggy jelly       |       |     2 |       |       ||     2
       Chunk             |       |     1 |     6 |    10 ||    17
       Ration            |       |       |     2 |     3 ||     5
       Buggy fruit       |       |       |     2 |       ||     2
Armor: Leather armour    |     7 |    35 |   175 |     5 ||   222
       Ring mail         |       |       |       |   211 ||   211
Dodge: Dodged            |    13 |    56 |   194 |   161 ||   424

Table legend:
 A = Spawn XP
 B = Non-spawn XP
 C = Spawn XP percentage of total XP
 D = Spawn monster count
 E = Non-spawn monster count
 F = Spawn count percentage of total count
 G = Total turns spent on level
                    A         B        C        D         E        F      G
               +---------+---------+-------+---------+---------+-------+---------
         Total |     734 |   19262 |   3.7 |       5 |     256 |   1.9 | 16945
               +---------+---------+-------+---------+---------+-------+---------
           D:1 |       0 |      36 |   0.0 |       0 |      21 |   0.0 |   783
           D:2 |       0 |     114 |   0.0 |       0 |      22 |   0.0 |   814
           D:3 |       0 |     701 |   0.0 |       0 |      32 |   0.0 |  2039
           D:4 |       0 |     519 |   0.0 |       0 |      17 |   0.0 |  1219
           D:5 |       0 |    1239 |   0.0 |       0 |      26 |   0.0 |  2825
           D:6 |       0 |    1607 |   0.0 |       0 |      35 |   0.0 |  1481
           D:7 |       0 |    1428 |   0.0 |       0 |      22 |   0.0 |  1942
           D:8 |       0 |    1659 |   0.0 |       0 |      26 |   0.0 |  1967
           D:9 |       0 |    5821 |   0.0 |       0 |      27 |   0.0 |  1448
          D:10 |       0 |    4981 |   0.0 |       0 |      20 |   0.0 |  1724
          D:11 |       0 |    1157 |   0.0 |       0 |       8 |   0.0 |   586
       Abyss:1 |     734 |       0 | 100.0 |       5 |       0 | 100.0 |    75
               +---------+---------+-------+---------+---------+-------+---------
